Map: Wieczne Imperium ER

Players

Tofisowa - Winner!

  • Race: Protoss Protoss
  • League: Silver
  • Spawn Location: 7:00

skull

  • Race: Terran Terran
  • League: Silver
  • Spawn Location: 1:00

VOD

https://youtu.be/vPg_g1irgKc

Description

Time

  • Played on: Sept. 25, 2020, 9:28 a.m.
  • Length: 17:55
Show
View Real Time Build Order
Export as new Build Order

Tofisowa Protoss - Winner!

Build Orders: Colossus Rush 

Get SALT Encoding   

  12  0:00  Probe (Chrono Boost)  
  13  0:10  Probe (Chrono Boost)  
  14  0:17  Pylon  
  14  0:22  Probe  
  15  0:36  Gateway  
  15  0:39  Assimilator  
  15  0:42  Probe  
  16  0:55  Assimilator  
  16  1:02  Gateway, Probe (Chrono Boost)  
  17  1:14  Probe (Chrono Boost)  
  18  1:24  Cybernetics Core  
  18  1:28  Probe  
  19  1:40  Probe  
  20  1:53  Probe  
  21  2:00  Stalker (Chrono Boost)  
  23  2:12  Pylon  
  23  2:13  Pylon  
  23  2:15  Pylon  
  23  2:21  Robotics Facility  
  23  2:30  Probe  
  23  2:34  Stalker  
  23  2:35  Stalker  
  28  2:42  Probe  
  29  2:48  Robotics Facility  
  29  3:17  Nexus  
  29  3:19  Stalker  
  31  3:35  Immortal (Chrono Boost)  
  35  3:47  Stalker  
  37  4:00  Probe  
  38  4:11  Robotics Bay  
  38  4:12  Probe (Chrono Boost)  
  39  4:20  Assimilator  
  39  4:23  Probe (Chrono Boost)  
  40  4:25  Assimilator  
  40  4:28  Probe (Chrono Boost)  
  41  4:39  Probe (Chrono Boost)  
  43  4:46  Probe (Chrono Boost)  
  43  4:48  Probe (Chrono Boost)  
  45  4:52  Probe (Chrono Boost)  
  45  4:53  Twilight Council, Probe  
  46  5:00  Pylon  
  46  5:02  Pylon  
  46  5:04  Pylon  
  46  5:05  Probe  
  46  5:06  Probe  
  48  5:17  Probe (Chrono Boost)  
  48  5:20  Forge  
  51  5:28  Probe (Chrono Boost)  
  51  5:29  Stalker, Probe (Chrono Boost)  
  51  5:30  Stalker  
  56  5:36  Probe (Chrono Boost)  
  56  5:38  Colossus (Chrono Boost)  
  62  5:49  Probe x2  
  64  6:01  Immortal, Probe  
  64  6:03  Protoss Ground Weapons Level 1  
  69  6:15  Probe  
  69  6:16  Probe  
  71  6:29  Stalker  
  71  6:31  Nexus  
  71  6:36  Stalker, Immortal (Chrono Boost)  
  79  6:43  Probe x2  
  63  7:39  Stalker x2  
  63  7:41  Immortal (Chrono Boost)  
  75  7:49  Immortal (Chrono Boost)  
  75  7:51  Pylon  
  77  7:52  Probe (Chrono Boost)  
  77  7:53  Pylon  
  77  7:55  Pylon  
  77  7:56  Probe (Chrono Boost)  
  77  7:57  Pylon, Probe (Chrono Boost)  
  78  8:00  Probe (Chrono Boost)  
  78  8:03  Probe (Chrono Boost)  
  78  8:04  Probe (Chrono Boost)  
  81  8:06  Assimilator  
  81  8:08  Assimilator  
  81  8:09  Probe  
  82  8:14  Probe  
  82  8:16  Protoss Ground Weapons Level 2  
  82  8:19  Colossus  
  89  8:23  Sentry, Zealot  
  89  8:26  Charge (Chrono Boost)  
  93  8:41  Probe x2  
  95  8:42  Zealot  
  95  8:43  Probe  
  96  8:50  Zealot  
  100  9:02  Gateway  
  100  9:03  Gateway  
  100  9:05  Gateway  
  100  9:09  Zealot  
  102  9:32  Immortal  
  102  9:35  Nexus  
  102  9:42  Immortal  
  102  9:43  Stalker x2  
  98  10:13  Stalker (Chrono Boost)  
  78  10:34  Stalker (Chrono Boost)  
  86  10:41  Stalker (Chrono Boost)  
  86  10:42  Stalker x2 (Chrono Boost)  
  86  10:43  Stalker (Chrono Boost)  
  88  10:50  Stargate  
  88  10:52  Stargate  
  88  10:57  Protoss Ground Weapons Level 3  
  88  11:01  Stalker x2 (Chrono Boost)  
  88  11:02  Stalker (Chrono Boost)  
  96  11:09  Stalker (Chrono Boost)  
  96  11:10  Stalker (Chrono Boost)  
  98  11:12  Pylon  
  98  11:17  Photon Cannon  
  98  11:24  Stalker x3  
  104  11:31  Void Ray (Chrono Boost)  
  104  11:33  Stalker  
  104  11:34  Stalker  
  108  11:41  Void Ray (Chrono Boost)  
  116  11:54  Stalker (Chrono Boost), Fleet Beacon  
  116  12:00  Stalker (Chrono Boost)  
  116  12:01  Stalker (Chrono Boost), Void Ray  
  122  12:03  Shield Battery  
  122  12:04  Stalker (Chrono Boost)  
  130  12:09  Stargate x2  
  130  12:10  Stalker (Chrono Boost)  
  130  12:20  Stalker (Chrono Boost)  
  132  12:25  Stalker x2 (Chrono Boost)  
  136  12:32  Void Ray (Chrono Boost)  
  136  12:40  Void Ray (Chrono Boost)  
  136  12:41  Protoss Air Weapons Level 1  
  144  12:58  Stalker x3 (Chrono Boost)  
  154  13:07  Stalker x2 (Chrono Boost)  
  154  13:16  Pylon  
  154  13:17  Shield Battery  
  154  13:19  Pylon  
  154  13:20  Stalker  
  154  13:23  Pylon  
  156  13:28  Void Ray  
  156  13:33  Carrier  
  156  13:34  Stalker x2  
  156  13:37  Stalker  
  156  13:40  Stalker  
  156  13:41  Carrier  
  180  13:51  Pylon  
  180  13:53  Pylon  
  180  13:56  Pylon, Void Ray  
  180  14:04  Carrier, Protoss Shields Level 1  
  188  14:11  Stalker (Chrono Boost)  
  188  14:13  Observer x2  
  188  14:16  Stalker x2 (Chrono Boost)  
  200  14:18  Stalker (Chrono Boost)  
  200  14:38  Gravitic Boosters  
  146  15:43  Void Ray x2  
  158  15:53  Zealot  
  158  15:54  Zealot x3  
  152  16:20  Zealot  
  152  16:21  Zealot x2  
  158  16:50  Nexus  
Show
View Real Time Build Order
Export as new Build Order

skull Terran 

Build Orders:  

Get SALT Encoding   

  12  0:24  Supply Depot  
  12  0:35  SCV  
  13  0:47  SCV  
  13  0:49  Barracks  
  14  0:59  SCV  
  15  1:11  SCV  
  16  1:23  Command Center  
  16  1:24  SCV  
  17  1:36  SCV  
  18  1:44  Supply Depot  
  18  1:51  Refinery  
  18  1:56  Refinery  
  18  2:00  Marine  
  19  2:11  Bunker  
  19  2:18  Marine  
  20  2:43  SCV x2  
  22  2:55  SCV x2  
  24  3:02  Barracks Reactor  
  24  3:07  SCV x2  
  26  3:19  SCV x2  
  28  3:30  Factory  
  28  3:31  SCV x2  
  28  3:32  Factory  
  30  3:41  Refinery  
  30  3:46  Refinery  
  30  3:47  Marine x2  
  32  3:57  Orbital Command  
  32  4:15  Supply Depot  
  32  4:17  Supply Depot  
  32  4:32  Widow Mine x2  
  32  4:36  Factory Tech Lab  
  36  4:45  Starport  
  36  4:52  Starport  
  36  4:53  SCV x2  
  38  5:05  SCV x2  
  40  5:17  SCV x2  
  40  5:20  Armory x2  
  42  5:25  Siege Tank  
  45  6:07  Starport Tech Lab  
  45  6:14  Starport Reactor  
  45  6:18  Terran Vehicle And Ship Armor Level 1  
  45  6:25  Cyclone  
  48  6:52  Command Center  
  48  6:56  Engineering Bay  
  48  6:57  Cyclone  
  51  7:02  Fusion Core  
  45  7:26  Marine  
  42  7:44  Marine  
  42  7:45  Supply Depot  
  43  7:52  Weapon Refit, Bunker  
  43  7:55  Battlecruiser  
  43  7:58  Viking x2  
  53  8:02  Marine  
  54  8:14  Thor  
  54  8:19  Widow Mine x2  
  64  8:28  Viking  
  66  8:58  Missile Turret  
  66  9:05  Missile Turret  
  66  9:21  Battlecruiser  
  72  9:32  Orbital Command  
  72  9:57  Terran Ship Weapons Level 1  
  72  9:58  Terran Vehicle And Ship Armor Level 2  
  59  10:46  Starport Tech Lab  
  59  10:57  Supply Depot  
  59  10:58  Supply Depot  
  59  10:59  Supply Depot, SCV  
  60  11:19  Battlecruiser  
  60  11:20  Supply Depot  
  60  11:22  Supply Depot  
  60  11:23  Bunker  
  66  11:30  Supply Depot  
  66  11:45  Battlecruiser  
  72  11:53  Supply Depot x2  
  72  11:57  Marine  
  73  12:04  Siege Tank  
  76  12:15  Marine  
  77  12:23  Battlecruiser  
  83  12:33  Marine  
  83  12:36  Siege Tank  
  87  12:49  Battlecruiser  
  87  12:50  Planetary Fortress  
  87  12:51  Marine  
  94  13:05  Starport  
  94  13:08  Siege Tank, Starport  
  97  13:27  Battlecruiser  
  103  13:53  Starport Tech Lab  
  103  14:00  Starport Tech Lab  
  103  14:28  Battlecruiser x3  
  121  14:48  SCV  
  122  15:00  SCV  
  122  15:03  Supply Depot  
  122  15:05  Supply Depot  
  123  15:07  Supply Depot x2  
  123  15:10  Supply Depot  
  123  15:12  SCV  
  124  15:24  SCV  
  111  15:30  Supply Depot  
  91  15:36  SCV  
Tags
 
Add a new tag
Caveats
  • Supply blocks, unpowered buildings, or Contaminate may cause inaccurate times.
  • Supply counts are checked every 10 seconds.